 Dungeon Crawl Stone Soup version 0.25.1-2-g60ff931df9 (webtiles) character file.

Game seed: 10032796776054221064

55454 Luthien the Devastator (level 14, -6/92 HPs)
             Began as a Deep Elf Conjurer on Aug 19, 2020.
             Was an Elder of Vehumet.
             Mangled by an orc warrior
             ... wielding a +0 trident
              (20 damage)
             ... on level 2 of the Orcish Mines on Aug 20, 2020.
             The game lasted 02:31:49 (29796 turns).

Luthien the Devastator (Deep Elf Conjurer)         Turns: 29796, Time: 02:31:50

Health: -6/92      AC:  8    Str:  5    XL:     14   Next: 38%
Magic:  26/33      EV: 16    Int: 26    God:    Vehumet [****..]
Gold:   1335       SH:  0    Dex: 15    Spells: 20/39 levels left

rFire    + + .     SeeInvis .   a - +8 whip "Snakebite" {curare, rPois}
rCold    . . .     Gourm    .   (no shield)
rNeg     . . .     Faith    .   T - +1 robe {MR+}
rPois    +         Spirit   .   E - +1 hat
rElec    .         Reflect  .   r - scarf {rC+ rF+}
rCorr    .         Harm     .   (no gloves)
MR       ++...                  (no boots)
Stlth    ++++......             P - amulet of regeneration
HPRegen  0.65/turn              H - +4 ring of protection
MPRegen  0.23/turn              Y - ring of fire

@: very slightly contaminated
A: no striking features
a: Renounce Religion


You were on level 2 of the Orcish Mines.
You worshipped Vehumet.
Vehumet was greatly pleased with you.
You were not hungry.

You visited 4 branches of the dungeon, and saw 21 of its levels.
You also visited: Sewer and Gauntlet.

You collected 1699 gold pieces.
You spent 364 gold pieces at shops.

Inventory:

Hand Weapons
 a - the +8 whip "Snakebite" (weapon) {curare, rPois}
   (You found it on level 2 of the Lair of Beasts)

   It poisons the flesh of those it strikes.
   It protects you from poison.
 A - a +5 quick blade
Missiles
 d - 574 stones (quivered)
 j - 118 sling bullets
 o - 39 poisoned darts
 u - 578 arrows
 y - 171 bolts
 B - 10 boomerangs
 F - 17 javelins
 W - 4 large rocks
Armour
 r - a scarf of resistance (worn)
 E - a +1 hat (worn)
 R - a +2 chain mail of fire resistance
 T - a +1 robe of magic resistance (worn)
 Z - a +1 chain mail of cold resistance
Jewellery
 l - an uncursed ring of positive energy
 v - an uncursed amulet of guardian spirit
 w - an uncursed ring of fire
 H - a +4 ring of protection (left hand)
 M - an uncursed ring of ice
 P - an amulet of regeneration (around neck)
 X - an uncursed ring of resist corrosion
 Y - a ring of fire (right hand)
Wands
 e - a wand of digging (5)
 p - a wand of iceblast (7)
 t - a wand of flame (8)
 K - a wand of paralysis (16)
 N - a wand of disintegration (25)
 S - a wand of random effects (27)
Scrolls
 b - 5 scrolls of remove curse
 g - 4 scrolls of enchant weapon
 h - a scroll of magic mapping
 m - 4 scrolls of fear
 s - a scroll of torment {unknown}
 D - 2 scrolls of enchant armour
 O - 3 scrolls of fog
 Q - 4 scrolls of blinking
 U - 2 scrolls of amnesia
 V - 7 scrolls of teleportation
Potions
 f - 7 potions of curing
 i - 6 potions of resistance
 k - 2 potions of cancellation
 n - 2 potions of haste
 q - a potion of invisibility
 x - 3 potions of brilliance
 z - 2 potions of magic
 C - a potion of might
 I - 9 potions of heal wounds
 J - 9 potions of flight
 L - 2 potions of ambrosia
Miscellaneous
 G - a phial of floods (inert)
Comestibles
 c - 31 rations


   Skills:
 + Level 12.3 Fighting
 + Level 6.4 Dodging
 + Level 7.3 Stealth
 - Level 13.0 Spellcasting
 + Level 16.0 Conjurations
 - Level 6.0 Hexes
 + Level 7.0 Evocations


You had 20 spell levels left.
You knew the following spells:

 Your Spells              Type           Power        Failure   Level  Hunger
a - Magic Dart            Conj           ####         0%          1    None
b - Searing Ray           Conj           ######       0%          2    None
i - Iskenderun's Mystic   Conj/Tloc      ######..     1%          4    None
p - Fulminant Prism       Conj/Hex       ######....   1%          4    None
A - Mephitic Cloud        Conj/Pois/Air  #####...     1%          3    None
B - Irradiate             Conj/Tmut      ######....   1%          5    ###....

Your spell library contained the following spells:

 Spells                   Type           Power        Failure   Level  Hunger
 Iron Shot                Conj/Erth      ######....   5%          6    #####..
 Dazzling Flash           Conj/Hex       ######       1%          3    None
 Tukima's Dance           Hex            #####...     1%          3    None
 Cause Fear               Hex            #####.....   2%          4    None
 Apportation              Tloc           ###...       3%          1    None
 Beastly Appendage        Tmut           ###...       3%          1    None
 Summon Butterflies       Summ           ###.....     3%          1    None
 Sticks to Snakes         Tmut           ###.....     4%          2    None
 Yara's Violent Unravell  Hex/Tmut       ####......   7%          5    ###....
 Lesser Beckoning         Tloc           ###.......   10%         3    None
 Spider Form              Tmut/Pois      ###.......   10%         3    None
 Silence                  Hex/Air        ####......   26%         5    ###....
 Ice Form                 Ice/Tmut       ###.....     32%         4    None
 Invisibility             Hex            #####...     41%         6    #####..
 Alistair's Intoxication  Tmut/Pois      ###.....     67%         5    ###....
 Blade Hands              Tmut           ###.......   67%         5    ###....
 Statue Form              Tmut/Erth      ###......    99%         6    #####..
 Discord                  Hex            #####.....   100%        8    #######


Dungeon Overview and Level Annotations

Branches:
Dungeon (13/15)            Temple (1/1) D:4            Lair (5/6) D:9
  Swamp (0/4) Lair:2        Snake (0/4) Lair:4          Orc (2/2) D:11
  Sewer (visited)         Gauntlet (visited)
  Slime: Lair:5-6       Elf: Orc:2       Vaults: D:13-14

Altars:
Ashenzari
Cheibriados
Dithmenos
Elyvilon
Fedhas
Gozag
Hepliaklqana
Kikubaaqudgha
Makhleb
Nemelex Xobeh
Okawaru
Qazlal
Ru
Sif Muna
Trog
Uskayaw
Vehumet
Wu Jian
Xom
Yredelemnul
Zin
The Shining One
Beogh

Shops:
D:11 !}

Annotations:
Orc:2 Snorg, Urug


Message History

You feel your power returning.
You hear a shout!
You hear two shouts!
The orc warrior hits you from afar with a +0 halberd.
Snorg closely misses you. Snorg completely misses you.
Snorg claws you but does no damage.
Urug throws a javelin.
The javelin pierces through you!
The orc warrior hits you from afar with a +0 trident!!
Unknown command.
Unknown command.
Unknown command.
The orc warrior hits you from afar with a +0 halberd!!
* * * LOW HITPOINT WARNING * * *
The orc throws a boomerang.
The boomerang misses you.
The weapon returns to the orc!
Snorg barely misses you. Snorg claws you.
* * * LOW HITPOINT WARNING * * *
Snorg claws you.
* * * LOW HITPOINT WARNING * * *
The orc closely misses you.
The orc warrior hits you from afar with a +0 trident!!
You die...

...........$...
.........<.......
..$....o)....o...
.................
.................
........)......##
....$..........#
......).)o.......
...[.oT@[).......
.....oo)[......
.#...o...[[....
.$.....[.......
.......[.....$.
.......(.......
............^..
...............


You could see Snorg (misshapen), an orc knight, Urug, 2 orc warriors, an orc
priest (strong) and 2 orcs.

Vanquished Creatures
  An orc warlord (Orc:1)
  Nessos (D:13)
  A minotaur (Gauntlet)
  A fire dragon (Lair:5)
  3 hydras
  2 centaur warriors (D:13)
  4 two-headed ogres
  Erolcha (D:13)
  Erica (D:8)
  A tengu warrior (Gauntlet)
  4 death yaks (Lair:5)
  An unseen horror (D:12)
  2 orc knights (Orc:1)
  An orc sorcerer (Orc:1)
  An ugly thing (D:13)
  8 black mambas
  A cyclops (D:11)
  Psyche (D:9)
  4 spiny frogs
  A torpor snail (Gauntlet)
  3 rime drakes
  6 komodo dragons
  A tengu conjurer (Gauntlet)
  A queen bee (Gauntlet)
  5 trolls
  5 blink frogs (Lair:5)
  A raiju (shapeshifter) (D:13)
  A tyrant leech (Lair:2)
  2 slime creatures (D:12)
  13 hippogriffs
  11 dream sheep
  A wyvern (Lair:2)
  43 yaks
  A chaos spawn (Gauntlet)
  A neqoxec (Gauntlet)
  4 basilisks
  2 hungry ghosts
  3 wargs
  2 swamp worms (Lair:2)
  7 porcupines
  14 water moccasins
  16 orc warriors
  2 phantoms
  3 ice beasts
  2 sky beasts
  6 necrophages
  9 wolves (Lair:1)
  11 ogres
  13 centaurs
  9 crocodiles
  20 bullfrogs
  4 big kobolds
  A gnoll sergeant (D:12)
  A wyvern zombie (D:11)
  A wyvern skeleton (D:10)
  2 scorpions
  A water moccasin skeleton (D:5)
  60 killer bees
  9 wights
  2 electric eels (Lair:5)
  4 howler monkeys
  A bullfrog zombie (D:10)
  4 crimson imps
  A quasit (D:7)
  3 centaur zombies
  11 orc priests
  3 hounds
  A jelly (D:6)
  19 orc wizards
  A bullfrog skeleton (D:8)
  6 centaur skeletons
  Ijyb (D:4)
  5 iguanas
  10 worker ants
  6 hell rats
  2 worker ant zombies (D:10)
  7 gnolls
  13 adders
  2 shadow imps
  A worker ant simulacrum (D:10)
  3 adder skeletons
  2 worms
  2 dart slugs
  9 leopard geckos
  74 orcs
  2 ball pythons
  9 giant cockroaches
  5 hobgoblins
  11 jackals
  5 quokkas
  17 bats
  2 frilled lizards
  13 goblins
  25 kobolds
  A quokka zombie (D:5)
  9 rats
  2 fulminant prisms
  5 fungi
  5 plants
641 creatures vanquished.

Vanquished Creatures (others)
  4 dream sheep (Lair:5)
  An orc warrior (Orc:2)
  An orc wizard (Orc:2)
  323 fulminant prisms
  11 fungi
  14 plants
354 creatures vanquished.

Grand Total: 995 creatures vanquished

Notes
Turn   | Place    | Note
-------+----------+-------------------------------------------
     0 | D:1      | Luthien the Deep Elf Conjurer began the quest for the Orb.
     0 | D:1      | Reached XP level 1. HP: 10/10 MP: 6/6
   283 | D:1      | Reached XP level 2. HP: 15/15 MP: 0/8
   287 | D:1      | Learned a level 2 spell: Searing Ray
   835 | D:1      | Reached XP level 3. HP: 16/19 MP: 7/10
  1893 | D:2      | Reached XP level 4. HP: 24/24 MP: 8/11
  2464 | D:2      | Reached skill level 5 in Conjurations
  3468 | D:3      | Reached XP level 5. HP: 28/28 MP: 10/13
  4011 | D:4      | Reached skill level 1 in Fighting
  4228 | D:4      | Noticed an ogre
  4232 | D:4      | Killed an ogre
  4232 | D:4      | Reached XP level 6. HP: 34/34 MP: 9/15
  4351 | D:4      | Reached skill level 5 in Spellcasting
  4411 | D:4      | Noticed Ijyb
  4417 | D:4      | Killed Ijyb
  4680 | D:4      | Found a staircase to the Ecumenical Temple.
  4686 | Temple   | Entered the Ecumenical Temple
  5013 | D:4      | Found a radiant altar of Vehumet.
  5039 | D:4      | Found a shimmering blue altar of Sif Muna.
  5047 | D:4      | Found a sacrificial altar of Ru.
  5047 | D:4      | Found a stormy altar of Qazlal.
  5049 | D:4      | Became a worshipper of Vehumet
  5330 | D:4      | Found a snail-covered altar of Cheibriados.
  5334 | D:4      | Found a bloodstained altar of Trog.
  5354 | D:4      | Found an iron altar of Okawaru.
  5666 | D:4      | Reached skill level 5 in Stealth
  5848 | D:5      | Entered Level 5 of the Dungeon
  6102 | D:5      | Found a glowing drain.
  6148 | Sewer    | Entered a sewer
  6262 | Sewer    | Reached skill level 6 in Conjurations
  6262 | Sewer    | Reached XP level 7. HP: 38/40 MP: 9/17
  6263 | Sewer    | Reached * piety under Vehumet
  6263 | Sewer    | Offered knowledge of Foxfire by Vehumet.
  6371 | Sewer    | Found a white marble altar of Elyvilon.
  6590 | D:5      | Reached skill level 1 in Evocations
  7535 | D:6      | Reached XP level 8. HP: 46/46 MP: 11/20
  7881 | D:7      | Reached skill level 7 in Conjurations
  8265 | D:7      | Reached XP level 9. HP: 51/52 MP: 18/23
  8564 | D:7      | Learned a level 4 spell: Fulminant Prism
  8568 | D:7      | Reached skill level 8 in Conjurations
  8575 | D:7      | Reached skill level 5 in Evocations
  9137 | D:6      | Offered knowledge of Shock by Vehumet.
  9138 | D:6      | Reached ** piety under Vehumet
  9304 | D:6      | Reached skill level 5 in Fighting
  9743 | D:8      | Noticed Erica
  9749 | D:8      | Killed Erica
  9749 | D:8      | Reached skill level 10 in Spellcasting
  9749 | D:8      | Reached skill level 9 in Conjurations
  9865 | D:8      | Reached XP level 10. HP: 60/60 MP: 21/26
 10040 | D:8      | Reached skill level 1 in Hexes
 10834 | D:8      | Offered knowledge of Mephitic Cloud by Vehumet.
 10839 | D:8      | Learned a level 3 spell: Mephitic Cloud
 11471 | D:9      | Found a basalt altar of Yredelemnul.
 11476 | D:9      | Found a staircase to the Lair.
 11561 | D:9      | Noticed Psyche
 11590 | D:10     | Entered Level 10 of the Dungeon
 11736 | D:10     | Reached skill level 10 in Conjurations
 11740 | D:10     | Reached *** piety under Vehumet
 11756 | D:10     | Reached skill level 5 in Hexes
 11783 | D:11     | Found a staircase to the Orcish Mines.
 11783 | D:11     | Noticed a two-headed ogre
 11784 | D:11     | Noticed a two-headed ogre
 12182 | D:10     | Reached XP level 11. HP: 67/67 MP: 16/28
 12242 | D:9      | Killed Psyche
 12459 | D:9      | Offered knowledge of Stone Arrow by Vehumet.
 13253 | D:10     | Reached **** piety under Vehumet
 13593 | D:11     | Reached skill level 11 in Conjurations
 13756 | D:11     | Offered knowledge of Irradiate by Vehumet.
 13763 | D:11     | Learned a level 5 spell: Irradiate
 13910 | D:11     | Found Leewk's Distillery.
 13918 | D:11     | Bought a potion of curing for 42 gold pieces
 13918 | D:11     | Bought a potion of heal wounds for 70 gold pieces
 13918 | D:11     | Bought a potion of resistance for 140 gold pieces
 13918 | D:11     | Bought a potion of heal wounds for 70 gold pieces
 13918 | D:11     | Bought a potion of curing for 42 gold pieces
 13940 | D:11     | Killed a two-headed ogre
 14222 | D:11     | Killed a two-headed ogre
 14432 | D:11     | Found a roughly hewn altar of Beogh.
 14549 | D:11     | Found Hunon's Gadget Boutique.
 14686 | D:11     | Noticed a two-headed ogre
 14691 | D:11     | Killed a two-headed ogre
 14889 | Lair:1   | Entered Level 1 of the Lair of Beasts
 15461 | Lair:1   | Reached XP level 12. HP: 75/75 MP: 19/31
 15582 | Lair:1   | Reached skill level 5 in Dodging
 15889 | Lair:1   | You fall into a shaft and drop 1 floor!
 15948 | Lair:2   | Reached skill level 12 in Conjurations
 16626 | Lair:2   | Found the +8 whip "Snakebite" {curare, rPois}
 18276 | Lair:2   | Noticed an eight-headed hydra
 18293 | Lair:2   | Killed an eight-headed hydra
 18606 | Lair:2   | Noticed a six-headed hydra
 18622 | Lair:2   | Killed a six-headed hydra
 18622 | Lair:2   | Reached skill level 13 in Conjurations
 18966 | Lair:2   | Found a staircase to the Swamp.
 19506 | Lair:2   | Reached skill level 10 in Fighting
 20515 | Lair:4   | Reached ***** piety under Vehumet
 20546 | Lair:4   | Offered knowledge of Airstrike by Vehumet.
 20809 | Lair:4   | Reached XP level 13. HP: 83/83 MP: 10/32
 20999 | Lair:4   | Reached skill level 14 in Conjurations
 21431 | Lair:4   | Found a staircase to the Snake Pit.
 24005 | Lair:5   | Reached skill level 15 in Conjurations
 24249 | Lair:5   | Offered knowledge of Iron Shot by Vehumet.
 24274 | Lair:5   | Found a shimmering altar of Xom.
 24317 | Lair:5   | Noticed a fire dragon
 24328 | Lair:5   | Killed a fire dragon
 24448 | Lair:5   | Identified Ifeopraq's Papyrus of Intoxication and Moulding
 24850 | Orc:1    | Entered Level 1 of the Orcish Mines
 24874 | Orc:1    | Noticed an orc warlord
 25084 | D:12     | Found a gate leading to a gauntlet.
 25095 | Gauntlet | Entered a Gauntlet
 25095 | Gauntlet | Found a transporter.
 25095 | Gauntlet | Found a transporter.
 25095 | Gauntlet | Found a transporter.
 25095 | Gauntlet | Found a transporter.
 25104 | Gauntlet | Found a transporter.
 25117 | Gauntlet | Found a transporter.
 25141 | Gauntlet | Found a transporter.
 25156 | Gauntlet | Found a transporter.
 25166 | Gauntlet | Found a transporter.
 25174 | Gauntlet | Found a transporter.
 25190 | Gauntlet | Found a transporter.
 25194 | Gauntlet | Found a transporter.
 26086 | Gauntlet | Noticed a minotaur
 26102 | Gauntlet | Killed a minotaur
 26794 | D:12     | Reached XP level 14. HP: 92/92 MP: 28/33
 27915 | Orc:1    | Killed an orc warlord
 28406 | Orc:2    | Entered Level 2 of the Orcish Mines
 28408 | Orc:2    | Noticed Snorg
 28409 | Orc:2    | Noticed Urug
 28610 | Orc:1    | Learned a level 4 spell: Iskenderun's Mystic Blast
 28758 | D:13     | Noticed Erolcha
 28762 | D:13     | Killed Erolcha
 29006 | D:13     | Noticed Nessos
 29015 | D:13     | Killed Nessos
 29017 | D:13     | Reached skill level 16 in Conjurations
 29796 | Orc:2    | Mangled by an orc warrior

Illustrated notes

Levels and vault maps discovered:
D:1:      dpeg_arrival_subterranean_lakeside_camping, layout_rooms
D:2:      layout_basic, first_ration, minmay_heptomino_l4
D:3:      layout_loops_ring
D:4:      layout_basic, minitemple, minmay_temple_entry_hall, uniq_ijyb
D:5:      layout_basic, gup_sewer_entry_pipe
D:6:      layout_loops_cross, minmay_misc_feat_roman
D:7:      layout_gridville
D:8:      layout_basic, uniq_erica
D:9:      layout_irregular_city, yredelemnul_altar_generic, lair_entry_dummy,
          uniq_psyche
D:10:     layout_gridville, blue_anna_alchemist [blue_anna_fruit_fields,
          blue_anna_fruit_fields], hangedman_weighted_door,
          minmay_misc_feat_plants
D:11:     layout_cave_pools, minmay_orc_entry_temple_small, serial_shops, shop,
          nicolae_shop_behind_doors, hangedman_glass_teeth
D:12:     layout_layer_cave, gauntlet_entry_generic
D:13:     layout_small_grid, uniq_nessos, uniq_erolcha
Temple:   minmay_temple_curvy_branch
Lair:1:   layout_regular_city, cheibrodos_lair_reptile_den, grunt_megastairs_1
Lair:2:   minmay_guarded_unrand_snakebite, layout_loops_ring,
          palyth_hydra_swamp_entry
Lair:3:   layout_misc_corridors, roderic_carrion_pond
Lair:4:   wad_woods_minihive, layout_gridlike, wad_woods_road_05,
          lemuel_fruit_fields
Lair:5:   dragon1_lemuel, layout_cellular_growth, kb_xom_exploding_sheep,
          serial_bayou_shore_a, serial_bayou_shore_b
Orc:1:    layout_caves
Orc:2:    st_orc_open, layout_caves, uniq_snorg, uniq_urug

Skill      XL: |  1  2  3  4  5  6  7  8  9 10 11 12 13 14 |
---------------+-------------------------------------------+-----
Dodging        | 3 4 5 6 |  6.4
Stealth        | 3 4 5 6 7 |  7.3
Spellcasting   | 4 5 6 8 10 11 13 | 13.0
Conjurations   | 5 6 7 9 10 11 13 15 16 | 16.0
Fighting       | 1 2 3 4 5 7 8 10 12 | 12.3
Evocations     | 2 4 5 6 7 |  7.0
Hexes          | 5 6 |  6.0

Action                   |  1- 3 |  4- 6 |  7- 9 | 10-12 | 13-15 || total
-------------------------+-------+-------+-------+-------+-------++-------
Melee: Unarmed           |    21 |       |       |       |       ||    21
       Spear             |       |     3 |       |       |       ||     3
       Scimitar          |       |       |       |    18 |       ||    18
       Whip              |       |       |       |       |    11 ||    11
 Fire: Shortbow          |       |       |       |     2 |       ||     2
 Cast: Magic Dart        |    62 |     2 |       |    43 |    61 ||   168
       Searing Ray       |    11 |    62 |    63 |   112 |    76 ||   324
       Fulminant Prism   |       |       |       |   162 |   164 ||   326
       Irradiate         |       |       |       |       |    11 ||    11
       Mephitic Cloud    |       |       |       |       |     4 ||     4
Evoke: Wand              |       |       |       |       |     2 ||     2
       Phial of floods   |       |       |       |       |     1 ||     1
  Use: Scroll            |       |    12 |     9 |    13 |     5 ||    39
       Potion            |       |       |     1 |     3 |       ||     4
  Eat: Chunk             |     3 |    14 |    11 |    22 |    25 ||    75
       Ration            |       |       |       |     3 |     1 ||     4
Armor: Robe              |    10 |     3 |       |       |    18 ||    31
       Leather armour    |       |     4 |     6 |    80 |    27 ||   117
Dodge: Dodged            |    41 |    21 |    23 |   161 |   145 ||   391
       Rpst.: Scimitar   |       |       |       |    22 |       ||    22
